 Dungeon Crawl Stone Soup version 0.29.1-1-gd02db6906a (webtiles) character file.

Game seed: 9642359988707687407

35 gzilladon the Chopper (level 3, 0/34 HPs)
             Began as a Hill Orc Monk on Sept 23, 2022.
             Was a Believer of Beogh.
             Slain by an orc
             ... wielding a +0 flail
              (8 damage)
             ... on level 3 of the Dungeon.
             The game lasted 00:02:40 (1026 turns).

gzilladon the Chopper (Hill Orc Monk)               Turns: 1026, Time: 00:02:40

Health: 0/34       AC:  2    Str: 15    XL:     3   Next: 33%
Magic:  3/3        EV: 12    Int: 10    God:    Beogh [**....]
Gold:   22         SH:  0    Dex: 13    Spells: 2/2 levels left

rFire   . . .      SeeInvis .   j - +0 dagger (venom)
rCold   . . .      Faith    .   (no shield)
rNeg    . . .      Spirit   .   b - +0 robe
rPois   .          Reflect  .   (no helmet)
rElec   .          Harm     .   (no cloak)
rCorr   .          Rampage  .   (no gloves)
Will    .....                   (no boots)
Stlth   ++........              (no amulet)
HPRegen 0.11/turn               (no ring)
MPRegen 0.08/turn               (no ring)

@: no status effects
A: no striking features
a: Renounce Religion, Smiting


You were on level 3 of the Dungeon.
You worshipped Beogh.
Beogh was pleased with you.
You visited 1 branch of the dungeon, and saw 3 of its levels.

You collected 22 gold pieces.

Inventory:

Hand Weapons
 a - a +0 hand axe
 e - a +0 whip
 f - a +0 club
 g - a +0 club
 j - a +0 dagger of venom (weapon)
 o - a +0 dagger
Missiles
 c - 5 stones
 h - 3 poisoned darts (quivered)
Armour
 b - a +0 robe (worn)
 d - a +0 scale mail
Scrolls
 i - a scroll of torment {unknown}
 k - a scroll of blinking {unknown}
 m - a scroll of teleportation {unknown}
 n - a scroll of identify {unknown}
Potions
 l - a potion of lignification {unknown}


   Skills:
 * Level 4.4 Fighting
 + Level 4.5 Axes
 + Level 2.7 Dodging
 - Level 1.5 Stealth


You had 2 spell levels left.
You didn't know any spells.
Your spell library was empty.

Dungeon Overview and Level Annotations

Branches:
Dungeon (3/15)

Altars:

Shops:
D:3 *


Message History

The orc moves out of view.
The orc shouts! x2
The orc hits you with a +0 flail. The orc barely misses you.
You hit the orc.
The orc is poisoned.
The orc is heavily wounded.
The orc barely misses you. The orc misses you.
You closely miss the orc.
The orc is heavily wounded.
The orc hits you with a +0 flail. The orc completely misses you.
You hit the orc but do no damage.
The orc looks as sick as possible!
The orc is severely wounded.
You kill the orc!
Beogh accepts your kill. The orc misses you.
You hit the orc.
The orc is poisoned.
The orc is lightly wounded.
The orc completely misses you. The orc closely misses you.
You hit the orc.
The orc looks as sick as possible!
The orc is almost dead.
You kill the orc!
Beogh accepts your kill. The orc misses you.
You barely miss the orc. The orc hits you with a +0 flail. The orc misses you.
You hit the orc but do no damage.
The orc is poisoned.
The orc closely misses you. The orc hits you with a +0 club.
You hit the orc.
The orc looks as sick as possible!
The orc is almost dead.
You kill the orc!
Beogh accepts your kill. The orc hits you with a +0 flail!
* * * LOW HITPOINT WARNING * * *
You hit the orc but do no damage.
The orc is poisoned.
The orc barely misses you.
You barely miss the orc. The orc completely misses you.
You hit the orc but do no damage.
The orc looks as sick as possible!
The orc barely misses you.
You hit the orc but do no damage.
The orc is lightly wounded.
The orc hits you with a +0 flail!
You die...

###### # #....########
..##########..........##
......)@.....o..........
......o#######..........
....... #..........
....... #..........
....### #.......... ....
#.......... ...
#.......... ..
#####...... #......


You could see an orc (extremely poisoned) and a neutral orc wizard (wandering).

Vanquished Creatures
  An adder (D:3)
  A dart slug (D:1)
  3 orcs (D:3)
  3 endoplasms
  A giant cockroach (D:1)
  A goblin (D:1)
  A hobgoblin (D:3)
  3 jackals (D:1)
  2 kobolds (D:1)
  2 ball pythons
18 creatures vanquished.

Notes
Turn   | Place    | Note
-------+----------+-------------------------------------------
     0 | D:1      | gzilladon the Hill Orc Monk began the quest for the Orb.
     0 | D:1      | Reached XP level 1. HP: 19/19 MP: 1/1
   251 | D:1      | Reached XP level 2. HP: 21/27 MP: 2/2
   663 | D:3      | Found Jaulabb's Assorted Antiques.
   687 | D:3      | Reached XP level 3. HP: 4/34 MP: 3/3
   984 | D:3      | Became a worshipper of Beogh the Brigand
   984 | D:3      | Reached * piety under Beogh
   984 | D:3      | Reached ** piety under Beogh
  1026 | D:3      | Slain by an orc

Illustrated notes

Levels and vault maps discovered:
D:1:      saegor_arrival_simple_a, layout_rooms, minmay_parallelograms
D:2:      layout_loops_cross, dreamdust_ecumenical_altar_sealed_demon,
          uniq_robin, uniq_terence
D:3:      layout_basic, serial_shops, nicolae_shop_crystal

Skill      XL: |  1  2 |
---------------+-------+-----
Fighting       | 4 |  4.4
Axes           | |  4.5
Dodging        | |  2.7
Stealth        | |  1.5

Action                   || total
-------------------------++-------
Melee: Hand axe          ||    35
       Dagger            ||    43
Invok: Convert to Beogh  ||     1
  Use: Potion            ||     2
Armor: Robe              ||    11
Dodge: Dodged            ||    60
